 Dungeon Crawl Stone Soup version 0.12.3 (webtiles) character file.

268 Adamkad1 the Practitioner (level 4, -8/23 HPs)
             Began as a Spriggan Healer on Jan 19, 2018.
             Was a Believer of Elyvilon.
             Killed from afar by Terence (10 damage)
             ... with a wand of flame
             ... on Level 3 of the Dungeon on Jan 20, 2018.
             The game lasted 00:22:11 (3531 turns).

Adamkad1 the Practitioner (Spriggan Healer)         Turns: 3531, Time: 00:22:11

HP  -8/23        AC  4     Str  8      XL: 4   Next: 31%
MP   4/12        EV 18     Int 14      God: Elyvilon [**....]
Gold 179         SH  0     Dex 15      Spells:  0 memorised,  3 levels left

Res.Fire  : . . .   See Invis. : +   m - +1 wizard hat
Res.Cold  : . . .   Warding    : .   a - +2 robe
Life Prot.: + . .   Conserve   : .   (shield restricted)
Res.Poison: .       Res.Corr.  : .   (helmet restricted)
Res.Elec. : .       Clarity    : +   (no cloak)
Sust.Abil.: . .     Spirit.Shd : .   (gloves unavailable)
Res.Mut.  : .       Stasis     : .   (boots unavailable)
Res.Rott. : .       Ctrl.Telep.: .   i - amulet of clarity {unknown}
Saprovore : . . .   Flight     : .   j - ring of life protection {unknown}
                                     h - ring of protection from magic

@: very quick, quite resistant to hostile enchantments, fairly stealthy
A: unfitting armour, see invisible, herbivore 3, speed 3, slow metabolism 2
a: Lesser Healing, Lesser Self-Healing, Divine Protection, Purification,
Renounce Religion


You were on level 3 of the Dungeon.
You worshipped Elyvilon.
Elyvilon was greatly pleased with you.
You were not hungry.

You visited 1 branch of the dungeon, and saw 3 of its levels.

You collected 79 gold pieces.

Inventory:

Armour
 a - a +2 robe (worn)
 e - a +0 elven scale mail
 f - a +0 orcish plate armour
 m - a +1 wizard hat (in hand)
Scrolls
 d - 3 scrolls of remove curse {unknown}
Jewellery
 g - a cursed -2 ring of evasion {unknown}
 h - a ring of protection from magic (left hand)
 i - an amulet of clarity (around neck) {unknown}
 j - a ring of life protection (right hand) {unknown}
Potions
 b - 3 potions of curing
 c - 2 potions of heal wounds


   Skills:
 + Level 1.7 Fighting
 * Level 3.2 Dodging
 + Level 1.4 Stealth
 + Level 0.6 Traps
 * Level 5.2 Invocations


You had 3 spell levels left.
You didn't know any spells.

Dungeon Overview and Level Annotations

Branches:
Dungeon (3/27)

Altars:
Sif Muna

Annotations
D:3 Terence


Innate Abilities, Weirdness & Mutations

You are tiny and cannot use many weapons and most armour.
You have supernaturally acute eyesight.
You are a herbivore.
You cover ground extremely quickly.
You need consume almost no food.


Message History

You finish eating.
That bread ration really hit the spot!
Terence zaps a wand.
The puff of flame hits you!
* * * LOW HITPOINT WARNING * * *
A bat comes into view.
Terence zaps a wand.
The puff of flame misses you.
Terence zaps a wand.
The puff of flame hits you!
* * * LOW HITPOINT WARNING * * *
Really attack while wielding your wizard hat? [Y]es or [N]o only, please.
Really attack while wielding your wizard hat? [Y]es or [N]o only, please.
Really attack while wielding your wizard hat?
Use which ability? (? or * to list)
Press: ? - help, Dir - move target cursor, f - bat Heal: a bat Elyvilon supports your offer of peace.
The bat turns neutral.
You feel somewhat more hungry. The bat hits you but does no damage.
Really attack while wielding your wizard hat?
Terence zaps a wand.
The puff of flame hits you!
You die...

#.#........# #.........)
######....####### #.##.......
......#....# #.#########
.#####.....# #.# # .# #...#.#
###.### # .### #..##.#####
#...@.# #
...###.........######.###.#######
.......###.###.#....@.# #.....@..
(..##### #.# #.#@####.###.##...##
..########.# #.#.# #............
...>.......# #.#b# ###..........
#%########## #.#.# ####.......
#.# #.#.# ###...## #.#
#######.#.# #...#
#.######.......#.# ##.##
#..).............########## #.#
########.......^..........# #.#


You could see Terence and a neutral bat.

Vanquished Creatures (others)
  An orc (D:3)
  3 bats
  2 giant newts
  A goblin (D:3)
  2 kobolds (D:1)
  2 rats (D:1)
11 creatures vanquished.

Notes
Turn   | Place    | Note
--------------------------------------------------------------
     0 | D:1      | Adamkad1, the Spriggan Healer, began the quest for the Orb.
     0 | D:1      | Reached XP level 1. HP: 11/11 MP: 3/3
   640 | D:1      | Reached skill level 4 in Invocations
  1503 | D:2      | Reached XP level 2. HP: 15/15 MP: 2/6
  1713 | D:2      | Found a deep blue altar of Sif Muna.
  2257 | D:3      | Noticed Terence
  2350 | D:3      | Reached XP level 3. HP: 18/18 MP: 9/9
  2563 | D:3      | Acquired Elyvilon's third power
  3055 | D:3      | Reached skill level 5 in Invocations
  3174 | D:3      | Reached skill level 1 in Stealth
  3174 | D:3      | Reached XP level 4. HP: 23/23 MP: 5/12
  3531 | D:3      | Killed from afar by Terence

Action                   |  1- 3 |  4- 6 || total
-------------------------+-------+-------++-------
Melee: Unarmed           |     3 |       ||     3
Invok: Lesser Healing    |   118 |    11 ||   129
       Lesser Self-Heali |     2 |     1 ||     3
       Purification      |     1 |       ||     1
       Greater Healing   |     1 |     3 ||     4
  Use: Potion            |     7 |       ||     7
       Scroll            |     5 |     2 ||     7
